 Dungeon Crawl Stone Soup version 0.30-a0-149-g7f746667c4 (webtiles) character file.

Game seed: 7181986362756487594

1018 greasedhog the Firebug (level 8, 0/48 HPs)
             Began as a Gargoyle Fire Elementalist on Sept 27, 2022.
             Slain by an orc priest
             ... wielding a +0 flail
              (3 damage)
             ... on level 5 of the Dungeon.
             The game lasted 00:09:48 (5537 turns).

greasedhog the Firebug (Gargoyle Fire Elementalist) Turns: 5537, Time: 00:09:48

Health: 0/48       AC: 11    Str: 13    XL:     8   Next: 22%
Magic:  1/15       EV: 11    Int: 17    God:
Gold:   134        SH:  0    Dex: 10    Spells: 7/17 levels left

rFire   + . .      SeeInvis .    q - +2 dagger (drain)
rCold   x . .      Faith    .    (no shield)
rNeg    + . .      Spirit   .    s - +0 steam dragon scales
rPois   ∞          Reflect  .    (no helmet)
rElec   +          Harm     .    h - +0 cloak
rCorr   .          Rampage  .    (no gloves)
Will    .....                    (no boots)
Stlth   ++........               (no amulet)
HPRegen 0.16/turn                c - ring of fire
MPRegen 0.14/turn                d - ring of wizardry

@: no status effects
A: sickness immunity, AC +5, negative energy resistance 1, electricity
resistance, torment resistance 1, petrification resistance
a: no special abilities


You were on level 5 of the Dungeon.
You visited 1 branch of the dungeon, and saw 5 of its levels.

You collected 224 gold pieces.
You spent 90 gold pieces at shops.

Inventory:

Hand Weapons
 q - a +2 dagger of draining (weapon)
Armour
 h - a +0 cloak (worn)
 s - +0 steam dragon scales (worn)
Jewellery
 c - a ring of fire (left hand)
 d - a ring of wizardry (right hand)
 o - a +4 ring of protection
Scrolls
 a - 2 scrolls of identify
 i - a scroll of butterflies
 l - a scroll of amnesia
 n - 2 scrolls of magic mapping
 p - 2 scrolls of teleportation
 r - a scroll of silence
Potions
 b - 2 potions of magic
 e - a potion of attraction {unknown}
 f - a potion of degeneration {unknown}
 g - a potion of lignification {unknown}
 j - a potion of haste {unknown}
 k - 2 potions of curing {unknown}
 m - a potion of mutation {unknown}


   Skills:
 * Level 4.0 Fighting
 - Level 1.5 Dodging
 - Level 2.1 Stealth
 - Level 5.0 Spellcasting
 * Level 4.6 Conjurations
 * Level 6.0 Fire Magic


You had 7 spell levels left.
You knew the following spells:

 Your Spells              Type           Power      Damage    Failure   Level
a - Foxfire               Conj/Fire      100%       2x1d9     1%          1
b - Scorch                Fire           74%        2d9       1%          2
c - Kindle Blastsparks    Fire/Tloc/Air  32%        2d12      8%          3
d - Flame Wave            Conj/Fire      33%        2d10      6%          4

Your spell library contained the following spells:

 Spells                   Type           Power      Damage    Failure   Level
 Static Discharge         Conj/Air       24%        2-3/arc   3%          2
 Inner Flame              Hex/Fire       21%        N/A       4%          3
 Beastly Appendage        Tmut           8%         N/A       6%          1
 Wereblood                Tmut           4%         N/A       9%          2
 Spider Form              Tmut/Pois      4%         N/A       16%         3
 Arcjolt                  Conj/Air       6%         1d16      50%         5
 Lightning Bolt           Conj/Air       6%         1d18      50%         5
 Summon Hydra             Summ           2%         N/A       100%        7
 Maxwell's Capacitive Co  Air            2%         ∞         100%        8
 Sublimation of Blood     Necr           Unusable   N/A       N/A         2

Dungeon Overview and Level Annotations

Branches:
Dungeon (5/15)
 Temple: D:4-7

Altars:

Shops:
D:4 *


Innate Abilities, Weirdness & Mutations

You are immune to sickness and miasma.
Your stone body is resilient. (AC +5)
You are immune to poison.
You resist negative energy. (rN+)
You are resistant to electric shocks. (rElec)
You are resistant to unholy torment.
You are immune to petrification.


Message History

A magic dart appears from out of thin air!
The magic dart hits you but does no damage.
The orc priest casts a cantrip, but nothing happens.
You bump into the rock wall.
Something hits you but does no damage.
The orc priest calls down the wrath of Beogh upon you.
Beogh smites you!
You're too confused to cast spells.
Sorry, you're not good enough to have a special ability.
You bump into the rock wall.
You feel less confused. Something hits you but does no damage.
The orc priest closely misses you.
Casting: Scorch (safe; 1% risk of failure)
Confirm with . or Enter, or press ? or * to list all spells.
You feel a surge of power!
You conjure some foxfire!
The foxfire hits the orc.
The orc is lightly wounded.
Something hits you but does no damage.
The orc priest hits you but does no damage.
You hit the orc priest.
The orc priest is severely wounded.
The foxfire hits the orc.
The orc is almost dead.
The orc priest invokes the aid of Beogh against you.
Beogh smites you! Something hits you but does no damage.
The orc priest hits you but does no damage.
Casting: Foxfire (safe; 1% risk of failure)
Confirm with . or Enter, or press ? or * to list all spells.
You feel a surge of power!
You conjure some foxfire!
The orc hits you with a +0 hand axe.
The orc hits your foxfire with a +0 hand axe.
Something hits you. The orc priest closely misses you.
The orc priest hits you but does no damage.
You hit the orc priest.
The orc priest is almost dead.
The foxfire hits the orc.
You kill the orc!
The orc priest invokes the aid of Beogh against you.
Beogh smites you!
* * * LOW HITPOINT WARNING * * *
The orc priest hits you with a +0 flail.
You die...

)# .)## ..>.# )....##
.......######
........##..##
.............###
....ooo?##..#..##
#...#.#.#@).#...# #
..#.#oo{o.....#
............#.#### #..
.........)..#..#.####!.##
..........))...#......##⌠
#####......).........##..
#####+#.........##..⌠
##.......##...#
#..#....#§.l#


You could see 2 orc priests and an orc.

Vanquished Creatures
  A steam dragon (D:5)
  A black bear (D:5)
  An ogre (D:4)
  A phantom (D:5)
  4 hounds
  4 orc priests
  A jelly (D:5)
  Crazy Yiuf (D:3)
  4 orc wizards
  Ijyb (D:4)
  An iguana (D:5)
  4 adders
  A white imp (D:3)
  An ufetubus (D:5)
  3 worms
  6 dart slugs
  30 orcs
  5 ball pythons
  12 endoplasms
  3 giant cockroaches
  9 goblins
  8 hobgoblins
  4 jackals (D:4)
  3 kobolds
  3 quokkas
  7 bats
  5 frilled lizards
  5 rats
129 creatures vanquished.

Vanquished Creatures (collateral kills)
  2 foxfires (D:1)
2 creatures vanquished.

Vanquished Creatures (others)
  374 foxfires
374 creatures vanquished.

Grand Total: 505 creatures vanquished

Notes
Turn   | Place    | Note
-------+----------+-------------------------------------------
     0 | D:1      | greasedhog the Gargoyle Fire Elementalist began the quest
                  | for the Orb.
     0 | D:1      | Reached XP level 1. HP: 10/10 MP: 3/3
   443 | D:1      | Reached XP level 2. HP: 15/15 MP: 1/5
   446 | D:1      | Learned a level 2 spell: Scorch
   703 | D:1      | Found a faded altar of an unknown god.
   707 | D:1      | Noticed a golden eye
   711 | D:1      | Noticed a great orb of eyes
   738 | D:1      | Noticed a golden eye
   744 | D:1      | Noticed a golden eye
  1031 | D:1      | Reached XP level 3. HP: 19/19 MP: 1/6
  1650 | D:1      | Learned a level 3 spell: Kindle Blastsparks
  1974 | D:2      | Reached skill level 4 in Fire Magic
  1974 | D:2      | Reached XP level 4. HP: 24/24 MP: 5/8
  2947 | D:3      | Found a runed translucent door.
  2948 | D:3      | Noticed Crazy Yiuf
  3008 | D:3      | Reached XP level 5. HP: 28/28 MP: 7/10
  3224 | D:3      | Killed Crazy Yiuf
  3483 | D:4      | Noticed Ijyb
  3495 | D:4      | Killed Ijyb
  3505 | D:4      | Reached skill level 5 in Fire Magic
  3505 | D:4      | Reached XP level 6. HP: 22/32 MP: 6/12
  4003 | D:4      | Found Dius's CLEARANCE SALE!.
  4533 | D:4      | Reached skill level 1 in Fighting
  4533 | D:4      | Reached XP level 7. HP: 38/38 MP: 7/14
  4680 | D:5      | Entered Level 5 of the Dungeon
  4680 | D:5      | Noticed a steam dragon
  4872 | D:4      | Bought 2 scrolls of magic mapping for 90 gold pieces
  4966 | D:5      | Reached skill level 5 in Spellcasting
  5026 | D:5      | Learned a level 4 spell: Flame Wave
  5177 | D:5      | Killed a steam dragon
  5196 | D:5      | Reached XP level 8. HP: 28/47 MP: 0/15
  5524 | D:5      | Reached skill level 6 in Fire Magic
  5537 | D:5      | Slain by an orc priest

Illustrated notes

Levels and vault maps discovered:
D:1:      lightli_arrival_chessboard, layout_loops_cross,
          hellmonk_ecumenical_altar_watching_god, serial_bayou_lagoon_a
D:2:      layout_basic
D:3:      layout_rooms, uniq_crazy_yiuf_cottage
D:4:      layout_gridville, nicolae_shop_clearance, uniq_ijyb
D:5:      layout_cave_pools, mainiacjoe_overflow_swirl,
          minmay_temple_entry_grid, st_stairs_3, grunt_ministairs_8

Skill      XL: |  1  2  3  4  5  6  7  8 |
---------------+-------------------------+-----
Spellcasting   | 3 4 5 |  5.0
Fire Magic     | 4 5 6 |  6.0
Conjurations   | 2 4 |  4.6
Fighting       | 1 3 4 |  4.0
Dodging        | |  1.5
Stealth        | |  2.1

Action                   |  1- 3 |  4- 6 |  7- 9 || total
-------------------------+-------+-------+-------++-------
Melee: Unarmed           |    12 |       |       ||    12
       Whip              |    20 |    22 |       ||    42
       Punch             |     1 |       |       ||     1
       Dagger            |       |    35 |    15 ||    50
 Cast: Foxfire           |    48 |    95 |    82 ||   225
       Scorch            |    12 |     8 |     2 ||    22
  Use: Scroll            |     3 |     4 |     1 ||     8
       Potion            |       |     3 |       ||     3
 Stab: Sleeping          |       |     1 |       ||     1
Armor: Robe              |    16 |    57 |     6 ||    79
       Steam dragon scal |       |       |    12 ||    12
Dodge: Dodged            |    32 |    60 |     8 ||   100

Table legend: (Time is in decaauts)
 A = Elapsed time spent in this place.
 B = Non-inter-level travel time spent in this place.
 C = Inter-level travel time spent in this place.
 D = Time resting spent in this place.
 E = Time spent auto-exploring this place.
 F = Levels seen in this place.
 G = Mean time per level.
                   A        B        C        D        E       F      G
               +--------+--------+--------+--------+--------+-----+--------+
         Total |   5553 |   5347 |    206 |   1035 |   3436 |   5 | 1110.6 |
       Dungeon |   5553 |   5347 |    206 |   1035 |   3436 |   5 | 1110.6 |
               +--------+--------+--------+--------+--------+-----+--------+

Top non-repeatable levels by time:
     D:4: 1612 daAuts
     D:1: 1605 daAuts
     D:2: 943 daAuts
     D:3: 757 daAuts
     D:5: 634 daAuts
